Map: Proxima Station LE

Players

Raze

  • Race: Terran Terran
  • Spawn Location: 1:00

CatZ - Winner!

  • Race: Zerg Zerg
  • Spawn Location: 7:00

Event: WCS Austin 2017

VOD

Have the link to the VOD?

Description

Time

  • Played on: April 28, 2017, 6:15 p.m.
  • Length: 12:07

All games in this series

Show
View Real Time Build Order
Export as new Build Order

Raze Terran 

Build Orders: MMM Bio 

Get SALT Encoding   

  12  0:00  SCV  
  13  0:12  SCV  
  14  0:17  Supply Depot  
  14  0:24  SCV  
  15  0:39  SCV  
  15  0:40  Barracks  
  16  0:51  SCV  
  16  0:53  Refinery  
  17  1:03  SCV  
  18  1:15  SCV  
  19  1:27  Orbital Command  
  19  1:28  Marine  
  20  1:44  Command Center  
  20  1:48  Marine  
  20  1:54  SCV  
  22  2:04  Barracks  
  22  2:06  Barracks Reactor  
  22  2:10  SCV  
  23  2:17  Supply Depot  
  23  2:20  Refinery  
  23  2:32  Factory  
  23  2:38  SCV  
  23  2:43  Marine x2  
  26  2:50  SCV  
  27  2:54  Barracks Tech Lab  
  27  3:01  Marine x2, Orbital Command  
  29  3:10  SCV  
  29  3:12  Stimpack  
  30  3:13  Marine  
  31  3:22  Starport  
  31  3:23  Factory Reactor  
  31  3:27  Marine  
  31  3:28  Marine  
  31  3:31  SCV  
  35  3:34  SCV  
  35  3:37  Marine  
  36  3:45  Supply Depot  
  36  3:46  Marine x2  
  38  3:50  SCV  
  38  3:51  SCV  
  38  3:55  Marine  
  41  3:57  Supply Depot  
  42  4:02  SCV  
  42  4:04  SCV  
  42  4:09  Medivac x2  
  47  4:12  Marine  
  47  4:13  Marine  
  47  4:14  Marine  
  50  4:17  SCV  
  50  4:18  SCV  
  52  4:24  Engineering Bay  
  52  4:28  Engineering Bay  
  52  4:31  SCV  
  53  4:34  SCV  
  53  4:37  Supply Depot  
  54  4:43  Marine x3, SCV  
  58  4:47  SCV  
  58  4:50  Supply Depot  
  59  4:53  Terran Infantry Weapons Level 1  
  59  4:55  SCV  
  59  4:56  Terran Infantry Armor Level 1  
  60  5:02  Marine x2  
  60  5:04  SCV  
  63  5:07  SCV  
  64  5:17  Marine  
  64  5:18  SCV  
  64  5:19  SCV  
  64  5:20  Marine  
  60  5:21  Combat Shields  
  60  5:24  Command Center  
  60  5:29  Marine  
  60  5:30  SCV  
  60  5:32  SCV  
  60  5:34  Marine  
  64  5:38  Marine  
  64  5:39  Medivac  
  64  5:40  Medivac  
  69  5:52  Barracks  
  69  5:53  Barracks  
  69  5:57  Barracks  
  69  6:07  Factory Reactor  
  69  6:09  Armory  
  69  6:10  Refinery, SCV x2  
  69  6:11  Refinery  
  71  6:12  Marine  
  72  6:18  Marine  
  72  6:19  Marine  
  72  6:22  SCV x2  
  76  6:30  Marine  
  76  6:34  SCV x2  
  76  6:36  Marine  
  76  6:37  Marine  
  76  6:38  Marine  
  80  6:46  SCV  
  80  6:48  Marine  
  80  6:54  Barracks Reactor  
  80  6:56  Barracks Reactor  
  80  6:57  Barracks Reactor, SCV  
  80  6:59  SCV  
  81  7:07  Widow Mine, Terran Infantry Weapons Level 2, Marine  
  81  7:08  Widow Mine  
  86  7:09  SCV  
  86  7:11  SCV  
  86  7:15  Terran Infantry Armor Level 2  
  88  7:22  SCV  
  89  7:23  Marine x2  
  91  7:31  SCV, Orbital Command  
  91  7:33  Marine  
  93  7:42  Supply Depot, Marine x4, SCV  
  98  7:52  SCV  
  98  7:53  Marine  
  98  7:54  SCV  
  101  8:01  Missile Turret  
  101  8:04  Missile Turret  
  101  8:05  Missile Turret, Marine x4  
  105  8:06  SCV  
  105  8:07  SCV x2  
  108  8:16  Medivac, Marine x5  
  108  8:17  Medivac  
  117  8:21  SCV x2  
  117  8:22  Marine  
  109  8:29  Widow Mine x2  
  113  8:38  Marine  
  113  8:39  Marine x4  
  117  8:45  Marine x4  
  117  8:46  Supply Depot x2  
  108  8:56  Marine x5  
  108  8:57  Barracks  
  108  8:58  Barracks  
  108  8:59  Missile Turret  
  108  9:00  Barracks  
  108  9:02  Widow Mine x2  
  117  9:03  Marine x3  
  117  9:04  Marauder  
  117  9:05  Medivac  
  117  9:07  Medivac  
  126  9:11  Supply Depot  
  126  9:13  Supply Depot  
  126  9:14  Marine x4  
  130  9:18  Marine  
  130  9:21  Marine x2  
  133  9:26  Marauder  
  133  9:27  Terran Infantry Weapons Level 3  
  132  9:42  Marine x4  
  136  9:46  Marine  
  136  9:47  Marauder  
  139  9:56  Marine x3  
  139  9:57  Barracks Tech Lab  
  141  10:00  Barracks Tech Lab  
  141  10:01  Barracks Reactor  
  139  10:08  Marine x3  
  139  10:09  Widow Mine, Marauder  
  139  10:10  Widow Mine  
  139  10:12  Marine  
  120  10:30  Marauder  
  120  10:31  Marine  
  118  10:46  Medivac x2  
  118  10:48  Marine x3  
  123  10:51  Marauder  
  123  10:57  Supply Depot  
  125  10:58  Supply Depot, Missile Turret  
  125  11:04  Supply Depot  
  125  11:05  Supply Depot  
  125  11:13  Supply Depot x2, Concussive Shells  
  125  11:16  Supply Depot  
  125  11:18  Marauder, Marine x6  
  133  11:19  Marine x4  
  133  11:20  Marauder  
  137  11:29  Marauder  
  138  11:36  Marine  
  139  11:40  Marauder, Marine x2  
  139  11:45  Marine  
  95  11:57  Supply Depot  
Show
View Real Time Build Order
Export as new Build Order

CatZ Zerg - Winner!

Build Orders: Hatch First, Muta Ling Bane 

Get SALT Encoding   

  12  0:00  Drone  
  13  0:12  Overlord  
  13  0:17  Drone  
  14  0:31  Drone x2  
  16  0:36  Drone  
  17  0:55  Hatchery  
  16  0:57  Drone  
  16  1:02  Drone  
  18  1:06  Drone  
  19  1:20  Spawning Pool  
  19  1:23  Drone  
  19  1:29  Drone  
  20  1:41  Drone  
  21  1:50  Hatchery  
  21  1:52  Drone  
  21  2:00  Overlord  
  21  2:07  Queen  
  23  2:13  Queen  
  25  2:18  Drone  
  25  2:21  Extractor  
  25  2:22  Drone  
  26  2:24  Drone  
  26  2:27  Drone  
  28  2:32  Drone  
  28  2:33  Drone  
  30  2:39  Drone  
  30  2:43  Queen  
  33  2:48  Overlord  
  33  2:52  Drone  
  33  2:54  Drone  
  35  3:01  Queen  
  35  3:03  Drone  
  35  3:05  Drone  
  39  3:08  Drone  
  39  3:11  Drone  
  41  3:13  Drone  
  41  3:14  Drone  
  41  3:18  Drone x2  
  41  3:19  Drone  
  46  3:25  Drone x2  
  48  3:29  Overlord  
  48  3:33  Extractor  
  47  3:36  Overlord  
  47  3:37  Drone  
  47  3:41  Drone  
  49  3:43  Drone  
  49  3:47  Metabolic Boost  
  50  3:49  Drone x4  
  50  3:51  Queen  
  50  3:54  Drone  
  50  3:55  Drone  
  58  3:58  Drone  
  58  4:02  Drone x3  
  62  4:06  Overlord  
  62  4:07  Overlord  
  62  4:12  Drone x3  
  62  4:13  Drone  
  66  4:18  Evolution Chamber  
  66  4:20  Evolution Chamber, Pneumatized Carapace  
  64  4:26  Drone x3  
  64  4:27  Drone, Zergling x4  
  70  4:32  Zergling x6  
  70  4:34  Zergling x4  
  70  4:38  Zergling x2  
  76  4:42  Zergling x2  
  76  4:43  Zergling x4  
  76  4:45  Zergling x2  
  80  4:46  Zerg Ground Armor Level 1  
  80  4:47  Zerg Melee Weapons Level 1  
  80  4:48  Zergling x4  
  82  4:54  Overlord  
  82  4:55  Overlord  
  82  5:02  Overlord  
  82  5:03  Lair  
  82  5:08  Overlord  
  81  5:17  Drone x2  
  81  5:20  Overlord  
  83  5:22  Drone x4  
  83  5:23  Drone, Extractor x2  
  83  5:25  Drone x2  
  83  5:27  Drone  
  89  5:29  Drone, Hatchery  
  89  5:30  Drone  
  89  5:32  Drone  
  90  5:40  Hatchery  
  89  5:47  Drone x3, Overlord  
  92  5:52  Overlord  
  92  5:53  Drone x2  
  92  5:54  Extractor  
  92  5:55  Extractor  
  92  5:58  Zergling x2  
  92  5:59  Zergling x8  
  92  6:00  Zergling x2  
  97  6:10  Drone x3  
  100  6:12  Overlord  
  100  6:14  Drone x2  
  102  6:20  Zergling x6  
  102  6:21  Overlord  
  102  6:22  Spire  
  102  6:23  Drone x2  
  102  6:25  Overlord  
  106  6:28  Drone x4  
  106  6:32  Queen x2  
  114  6:33  Zergling x4  
  116  6:43  Zergling x6  
  116  6:44  Zergling x4  
  116  6:46  Zergling x4  
  116  6:47  Zergling x4  
  124  6:48  Zergling x2, Zerg Ground Armor Level 2, Zerg Melee Weapons Level 2  
  124  6:50  Baneling Nest  
  124  6:52  Zergling x2  
  124  6:53  Zergling x10  
  126  6:57  Drone  
  126  6:58  Drone  
  126  7:01  Extractor  
  126  7:02  Zergling x2  
  126  7:04  Drone x2, Extractor  
  126  7:08  Overlord  
  127  7:09  Overlord  
  127  7:12  Drone  
  123  7:23  Baneling Nest  
  122  7:33  Mutalisk x6  
  122  7:34  Mutalisk x3  
  140  7:42  Centrifical Hooks  
  141  7:47  Burrow  
  141  7:50  Drone x6  
  141  7:51  Drone, Overlord  
  143  7:52  Drone, Baneling  
  144  8:03  Mutalisk x2  
  148  8:07  Hatchery  
  148  8:08  Mutalisk  
  148  8:10  Zergling x10  
  148  8:11  Zergling x14  
  161  8:17  Hatchery  
  160  8:26  Mutalisk x3  
  164  8:28  Overlord  
  164  8:32  Drone x3  
  168  8:42  Hatchery  
  168  8:43  Mutalisk  
  168  8:44  Mutalisk x2  
  168  8:46  Zergling x16  
  179  8:48  Overlord  
  179  8:49  Zerg Flyer Weapons Level 1  
  179  8:59  Zergling x8  
  179  9:00  Overlord  
  179  9:01  Overseer  
  183  9:03  Overseer  
  183  9:08  Baneling x9  
  183  9:11  Zergling x12  
  189  9:17  Drone x2  
  189  9:20  Spine Crawler  
  189  9:21  Spore Crawler  
  189  9:25  Overlord  
  189  9:26  Drone x2  
  189  9:27  Zergling x2  
  189  9:28  Zergling x4  
  194  9:40  Baneling x7  
  184  9:53  Baneling x5  
  184  9:56  Baneling x2  
  184  9:57  Baneling x4  
  184  9:59  Zergling x2  
  179  10:01  Zergling x2  
  179  10:04  Baneling x8  
  179  10:05  Zergling x30  
  179  10:06  Zergling x10  
  200  10:17  Zergling x2  
  200  10:18  Zergling x4  
  186  10:22  Zergling x18  
  186  10:28  Mutalisk x2  
  181  10:32  Mutalisk x5  
  175  10:42  Zergling x2  
  169  10:45  Zergling x2  
  169  10:46  Zergling x2, Baneling  
  169  10:47  Baneling x5  
  169  10:49  Zergling x14  
  173  10:50  Zergling x20  
  173  10:53  Zergling x10, Baneling x2, Extractor, Spore Crawler  
  173  10:54  Spine Crawler  
  173  10:55  Extractor  
  180  10:57  Infestation Pit, Mutalisk, Extractor  
  180  11:01  Overseer  
  180  11:02  Overseer  
  180  11:04  Baneling x2  
  180  11:11  Baneling x9  
  180  11:12  Zergling x2  
  180  11:13  Zergling x28  
  180  11:14  Overlord  
  180  11:15  Overseer, Baneling x2  
  180  11:18  Drone  
  196  11:21  Overlord  
  193  11:29  Baneling x12  
  193  11:31  Zergling x18  
  195  11:35  Zergling x8  
  199  11:44  Zergling x2  
  191  11:54  Drone x2  
  191  11:55  Drone  
Tags
 
Add a new tag
Caveats
  • Supply blocks, unpowered buildings, or Contaminate may cause inaccurate times.
  • Supply counts are checked every 10 seconds.